 Dungeon Sprint DCSS version 0.25.1-4-g9407a263a5 (webtiles) character file.

Game seed: 14338041718999081928

51091 Atelerd the Blocker (level 14, -38/139 HPs)
             Began as an Octopode Fighter on Nov 26, 2020.
             Was the Champion of Okawaru.
             Killed from afar by a purple draconian annihilator (71 damage)
             ... with a crystal spear
             ... in the Dungeon (Sprint V: "Ziggurat Sprint").
             The game lasted 00:12:44 (1521 turns).

Atelerd the Blocker (Octopode Fighter)              Turns: 1521, Time: 00:12:45

Health: -38/139    AC: 20    Str: 32    XL:     14   Next: 58%
Magic:  23/40      EV: 21    Int: 11    God:    Okawaru [******]
Gold:   0          SH: 34    Dex: 24    Spells: 28/39 levels left

rFire    . . .     SeeInvis +   I - +7 Singing Sword {vorpal, sonic wave}
rCold    . . .     Gourm    .   H - +18 shield of the Gong {rElec rN+ MR+ EV-5}
rNeg     + + +     Faith    +   S - +0 mask of the Dragon {MR+ Slay+3 SInv}
rPois    ∞         Spirit   .   a - amulet "Buugyrghe" {Faith rPois rN+++ Int-3 SInv}
rElec    +         Reflect  .   A - +6 ring of strength
rCorr    .         Harm     .   B - +6 ring of strength
MR       +++..     NoTele   +   w - +6 ring of dexterity
Stlth    ++++......             x - +6 ring of dexterity
HPRegen  0.33/turn              L - ring "Tezaditrorgh" {rPois rN+}
MPRegen  0.27/turn              T - ring "Iqewka" {MP+9 Int+4}
                                (no ring)
                                (no ring)

@: statue-form, finesse, corroded, very slow
A: almost no armour, stealthy swim, amphibious, 8 rings, constrict 8, camouflage
1
a: End Transformation, Heroism, Finesse, Renounce Religion


You were in the Dungeon.
You worshipped Okawaru.
Okawaru was exalted by your worship.
You were very hungry.
You were a stone statue.
You visited 1 branch

Inventory:

Hand Weapons
 G - the cursed +14 obsidian axe {vorpal, +Fly SInv *Curse}
   (You found it in the Dungeon)

   It inflicts extra damage upon your enemies.
   It lets you see invisible.
   It lets you fly.
   It curses itself when equipped.
   It has a curse placed upon it.
 I - the +7 Singing Sword (weapon) {vorpal, sonic wave}
   (You found it in the Dungeon)

   It inflicts extra damage upon your enemies.
 J - the +12 falchion of Kismet {protect, +Inv rElec rN+ MR+}
   (You found it in the Dungeon)

   It grants its wielder temporary protection when it strikes (+7 to AC).
   It insulates you from electricity.
   It protects you from negative energy.
   It affects your resistance to hostile enchantments.
   It lets you turn invisible.
Armour
 b - a +0 kite shield
 H - the +18 shield of the Gong (worn) {rElec rN+ MR+ EV-5}
   (You found it in the Dungeon)

   It affects your evasion (-5).
   It insulates you from electricity.
   It protects you from negative energy.
   It affects your resistance to hostile enchantments.
 O - a +0 hat of see invisible
 Q - a +2 hat
 S - the +0 mask of the Dragon (worn) {MR+ Slay+3 SInv}
   (You found it in the Dungeon)

   It affects your accuracy and damage with ranged weapons and melee attacks
   (+3).
   It affects your resistance to hostile enchantments.
   It lets you see invisible.
 Z - a +2 hat of magic resistance
Jewellery
 a - the amulet "Buugyrghe" (around mantle) {Faith rPois rN+++ Int-3 SInv}
   (You found it in the Dungeon)

   [amulet of faith]

   It allows you to gain divine favour quickly.
   It affects your intelligence (-3).
   It protects you from poison.
   It renders you almost immune to negative energy.
   It lets you see invisible.
 n - an uncursed ring of ice
 v - an uncursed ring of flight
 w - a +6 ring of dexterity (on tentacle)
 x - a +6 ring of dexterity (on tentacle)
 y - a +6 ring of intelligence
 z - a +6 ring of intelligence
 A - a +6 ring of strength (left tentacle)
 B - a +6 ring of strength (right tentacle)
 L - the ring "Tezaditrorgh" (on tentacle) {rPois rN+}
   (You found it in the Dungeon)

   [ring of poison resistance]

   It protects you from poison.
   It protects you from negative energy.
 M - an uncursed ring of protection from cold
 N - an uncursed amulet of the acrobat
 P - the amulet of Creativity {Regen+ Int+2}
   (You found it in the Dungeon)

   [amulet of regeneration]

   It affects your intelligence (+2).
   It increases your rate of regeneration.
 R - an uncursed ring of positive energy
 T - the ring "Iqewka" (on tentacle) {MP+9 Int+4}
   (You found it in the Dungeon)

   [ring of magical power]

   It affects your intelligence (+4).
   It affects your magic capacity (+9).
 U - the cursed ring of Rieseeff {rC- Str+5 Int-4}
   (You found it in the Dungeon)

   [ring of intelligence]

   It affects your strength (+5).
   It affects your intelligence (-4).
   It makes you vulnerable to cold.
   It has a curse placed upon it.
 V - an uncursed ring of magical power
 W - an uncursed ring of stealth
 X - a +6 ring of dexterity
Wands
 C - a wand of disintegration (7)
 D - a wand of iceblast (5)
 E - a wand of acid (6)
Scrolls
 j - 4 scrolls of blinking
 p - 4 scrolls of amnesia
 q - 7 scrolls of fog
 r - a scroll of holy word
 s - 5 scrolls of identify
 t - 5 scrolls of remove curse
 u - 2 scrolls of fear
 Y - 2 scrolls of brand weapon
Potions
 c - 5 potions of might
 e - 10 potions of curing
 f - a potion of heal wounds
 g - 6 potions of haste
 h - 7 potions of magic
 i - 2 potions of berserk rage
 k - 2 potions of brilliance
 l - a potion of invisibility
 m - 3 potions of resistance
 o - 5 potions of stabbing
Miscellaneous
 F - a lightning rod (4/4)
 K - 4 phantom mirrors
Comestibles
 d - 8 rations


   Skills:
 + Level 13.7 Fighting
 + Level 13.4 Long Blades
 + Level 13.6 Dodging
 - Level 5.0 Stealth
 * Level 14.6 Shields
 * Level 13.4 Spellcasting
 + Level 5.6 Summonings
 + Level 5.6 Translocations
 * Level 13.3 Transmutations
 * Level 13.2 Earth Magic
 - Level 10.1 Invocations
 - Level 10.1 Evocations


You had 28 spell levels left.
You knew the following spells:

 Your Spells              Type           Power        Failure   Level  Hunger
a - Statue Form           Tmut/Erth      #####....    6%          6    ######.
b - Summon Forest         Summ/Tloc      ###.......   26%         5    #####..

Your spell library contained the following spells:

 Spells                   Type           Power        Failure   Level  Hunger
 Sandblast                Erth           #####.       1%          1    None
 Stone Arrow              Conj/Erth      ###...       1%          3    #......
 Petrify                  Tmut/Erth      #####...     1%          4    ###....
 Recall                   Summ/Tloc      N/A          2%          3    #......
 Ignite Poison            Fire/Tmut/Pois ###.....     4%          3    #......
 Leda's Liquefaction      Hex/Erth       ###.......   6%          4    ###....
 Hydra Form               Tmut           #####.....   6%          6    ######.
 Portal Projectile        Hex/Tloc       ##....       9%          3    #......
 Corona                   Hex            #......      10%         1    None
 Corpse Rot               Necr/Air       N/A          14%         2    None
 Slow                     Hex            #.......     14%         2    None
 Sublimation of Blood     Necr           #.........   14%         2    None
 Alistair's Intoxication  Tmut/Pois      ###.....     17%         5    #####..
 Borgnjor's Vile Clutch   Necr/Erth      ###.......   17%         5    #####..
 Irradiate                Conj/Tmut      ###.......   17%         5    #####..
 Yara's Violent Unravell  Hex/Tmut       ###.......   17%         5    #####..
 Inner Flame              Hex/Fire       #.......     28%         3    #......
 Animate Dead             Necr           N/A          67%         4    ###....
 Cause Fear               Hex            #.........   67%         4    ###....
 Dispel Undead            Necr           #.......     67%         4    ###....
 Eringya's Noxious Bog    Tmut/Pois      ###.......   67%         6    ######.
 Iron Shot                Conj/Erth      ###.......   67%         6    ######.
 Agony                    Necr           #.......     95%         5    #####..
 Excruciating Wounds      Chrm/Necr      #.........   95%         5    #####..
 Silence                  Hex/Air        #.........   95%         5    #####..
 Death Channel            Necr           #.........   100%        6    ######.
 Simulacrum               Ice/Necr       #.........   100%        6    ######.
 Summon Hydra             Summ           ###.......   100%        7    #######
 Chain Lightning          Conj/Air       #.........   100%        8    #######
 Discord                  Hex            #.........   100%        8    #######
 Lehudib's Crystal Spear  Conj/Erth      ###.......   100%        8    #######
 Absolute Zero            Ice            #.........   100%        9    #######
 Fire Storm               Conj/Fire      #.........   100%        9    #######


Dungeon Overview and Level Annotations

Branches:
Dungeon (1/1)

Altars:
Ashenzari
Cheibriados
Dithmenos
Elyvilon
Fedhas
Gozag
Hepliaklqana
Kikubaaqudgha
Makhleb
Nemelex Xobeh
Okawaru
Qazlal
Ru
Sif Muna
Trog
Uskayaw
Vehumet
Wu Jian
Xom
Yredelemnul
Zin
The Shining One
Beogh
Jiyva
Lugonu


Innate Abilities, Weirdness & Mutations

You cannot wear most types of armour.
You are very stealthy in the water. (Stealth+)
You are amphibious.
You can wear up to eight rings at the same time.
You can use your tentacles to constrict eight enemies at once.
Your skin changes colour to match your surroundings (Stealth+).
((Your rubbery body absorbs attacks. (AC +1, EV +1)))


Message History

The purple draconian annihilator is severely wounded.
The yellow draconian is severely wounded.
You kill the green draconian!
Okawaru accepts your kill.
You block the yellow draconian's attack.
BONNNG!
The purple draconian annihilator gestures wildly while chanting.
The purple draconian annihilator blinks!
Unknown command.
Unknown command.
Unknown command.
You are too injured to fight recklessly!
You slice the yellow draconian!!
You kill the yellow draconian!
Okawaru is honoured by your kill.
Okay, then.
The purple draconian annihilator casts a spell at you.
The crystal spear hits you!!!
Ouch! That really hurt!
You die...

▓▓▓▓▓▓▓▓▓▓
▓....8©8....▓▓.8©8.▓.8©
▓..}))|)[[..▓▓.|.÷.▓...
▓..}".}):)..▓▓..|..▓...
▓...........▓▓.....▓...
▓.......§...▓▓.....▓..)
▓...........▓▓.....▓...
▓...........▓▓..©..▓..©
▓.)8..▓ ▓▓▓▓▓▓▓▓▓▓▓
▓▓)).▓▓ ▓..8©8...▓.
▓..▓)[q..▓..▓..[.[...▓.
▓.....©.....▓........▓.
▓▓▓▓▓▓▓▓▓▓▓▓▓........▓.
▓....8©8....▓...))...▓.
▓..).[}}.:..▓.▓)(..▓.▓.
▓...[)}:))..▓...©....▓.
▓..)........▓▓▓▓▓▓▓▓▓▓▓


You could see a purple draconian annihilator.

Vanquished Creatures
  A lich (D)
  A deep elf master archer (D)
  A tentacled starspawn (D)
  2 shadow dragons (D)
  3 deep elf sorcerers (D)
  5 black draconians (D)
  A deep elf annihilator (D)
  2 white draconians (D)
  2 green draconians (D)
  A yellow draconian (D)
  A red draconian (D)
  2 purple draconians (D)
  A death ooze (D)
  A deep elf high priest (D)
  2 hydras (D)
  A great orb of eyes (D)
  7 vault guards (D)
  A death knight (D)
  2 dancing weapons (D)
  A soul eater (D)
  A sixfirhy (D)
  A glowing orange brain (D)
  An orc sorcerer (D)
  2 deep elf magi (D)
  An ugly thing (D)
  An elephant (D)
  A black mamba (D)
  An eye of devastation (D)
  A spiny frog (D)
  2 yaktaurs (D)
  8 merfolk (D)
  5 slime creatures (D)
  A blink frog (D)
  2 hippogriffs (D)
  6 starcursed masses (D)
  2 spriggans (D)
  2 water elementals (D)
  A yak (D)
  A golden eye (D)
  2 water moccasins (D)
  A water moccasin (shapeshifter) (D)
  A porcupine (D)
  A black bear (D)
  A phantom (D)
  2 necrophages (D)
  An eye of draining (D)
  5 centaurs (D)
  A crocodile (D)
  A bullfrog (D)
  A quasit (D)
  A crimson imp (D)
  5 jellies (D)
  An iron imp (D)
  2 adders (D)
  A shadow imp (D)
  3 white imps (D)
  2 ufetubi (D)
  2 adder zombies (D)
  An adder skeleton (D)
  A bat skeleton (D)
  A bat zombie (D)
  A ball python (D)
  A leopard gecko zombie (D)
  A quokka skeleton (D)
118 creatures vanquished.

Vanquished Creatures (others)
  3 starspawn tentacles (D)
3 creatures vanquished.

Grand Total: 121 creatures vanquished

Notes
Turn   | Place    | Note
-------+----------+-------------------------------------------
     0 | D        | Atelerd the Octopode Fighter began the quest for the Orb.
     0 | D        | Reached XP level 1. HP: 16/16 MP: 1/1
     0 | D        | Found a shimmering blue altar of Sif Muna.
     0 | D        | Found a bloodstained altar of Trog.
     0 | D        | Found a sacrificial altar of Ru.
     0 | D        | Found a stormy altar of Qazlal.
     0 | D        | Found an iron altar of Okawaru.
     1 | D        | Found a sparkling altar of Nemelex Xobeh.
     1 | D        | Found a blossoming altar of Fedhas.
     2 | D        | Found the +6 Majin-Bo {vamp, Archmagi MP+6 Int+6}
     2 | D        | Found the +7 great mace "Firestarter" {inner flame, rF++}
     3 | D        | Found a transporter.
     3 | D        | Found an ancient bone altar of Kikubaaqudgha.
     3 | D        | Found a viscous altar of Jiyva.
     3 | D        | Found a corrupted altar of Lugonu.
     3 | D        | Found a hazy altar of Hepliaklqana.
     3 | D        | Found a burning altar of Makhleb.
     3 | D        | Found an opulent altar of Gozag.
    36 | D        | Found the +9 heavy crossbow "Sniper" {vorpal, Acc+∞ SInv}
    36 | D        | Found the +10 dark maul {vorpal}
    36 | D        | Found the +15 Maxwell's patent armour {-Cast -Tele rElec
                  | MR+ rCorr}
    36 | D        | Found the +18 shield of the Gong {rElec rN+ MR+ EV-5}
    36 | D        | Found the cursed +14 obsidian axe {vorpal, +Fly SInv
                  | *Curse}
    38 | D        | Found the +6 shillelagh "Devastator" {shatter}
    38 | D        | Found the +11 plutonium sword {*Contam Stlth-}
    38 | D        | Found the +8 lance "Wyrmbane" {slay drac, rPois rF+ rC+
                  | AC+3}
    38 | D        | Found the +9 sword of Zonguldrok {reap}
    38 | D        | Found the cursed +13 scythe of Curses {drain, *Curse}
    38 | D        | Found the +0 sword of Power
    38 | D        | Found the +7 mace of Variability {chain chaos}
    38 | D        | Found the +7 Singing Sword {vorpal, sonic wave}
    38 | D        | Found the +8 storm bow {elec, penet}
    63 | D        | Became a worshipper of Warmaster Okawaru
    74 | D        | Entered arena 2.
    74 | D        | Noticed a brown ugly thing
    74 | D        | Noticed a water moccasin
    74 | D        | Found a transporter.
    76 | D        | Killed a water moccasin
    76 | D        | Reached * piety under Okawaru
    76 | D        | Reached ** piety under Okawaru
    76 | D        | Reached skill level 5 in Fighting
    76 | D        | Reached skill level 5 in Dodging
    76 | D        | Reached skill level 5 in Shields
    76 | D        | Reached XP level 2. HP: 24/24 MP: 1/6
    76 | D        | Reached XP level 3. HP: 29/29 MP: 1/7
    76 | D        | Reached XP level 4. HP: 35/35 MP: 1/9
    80 | D        | Killed a brown ugly thing
    80 | D        | Reached *** piety under Okawaru
    80 | D        | Reached skill level 7 in Shields
    80 | D        | Reached skill level 5 in Spellcasting
    80 | D        | Reached XP level 5. HP: 22/43 MP: 1/13
    80 | D        | Reached XP level 6. HP: 25/49 MP: 1/14
    80 | D        | Reached XP level 7. HP: 28/54 MP: 1/15
   224 | D        | Entered arena 3.
   224 | D        | Noticed a spriggan
   224 | D        | Noticed a spriggan
   224 | D        | Found a transporter.
   226 | D        | Killed a spriggan
   228 | D        | Killed a spriggan
   228 | D        | Reached skill level 8 in Shields
   229 | D        | Reached XP level 8. HP: 56/61 MP: 15/18
   248 | D        | Entered arena 4.
   248 | D        | Found a transporter.
   254 | D        | Reached **** piety under Okawaru
   270 | D        | Entered arena 5.
   270 | D        | Noticed a yaktaur
   270 | D        | Found a transporter.
   276 | D        | Killed a yaktaur
   276 | D        | Reached skill level 9 in Shields
   298 | D        | Entered arena 6.
   298 | D        | Noticed a merfolk
   298 | D        | Noticed a merfolk
   298 | D        | Noticed a merfolk
   298 | D        | Noticed a merfolk
   298 | D        | Noticed a merfolk
   298 | D        | Found a transporter.
   304 | D        | Killed a merfolk
   304 | D        | Reached skill level 1 in Invocations
   304 | D        | Reached skill level 1 in Evocations
   304 | D        | Reached XP level 9. HP: 36/68 MP: 17/21
   305 | D        | Killed a merfolk
   305 | D        | Killed a merfolk
   305 | D        | Reached ***** piety under Okawaru
   306 | D        | Killed a merfolk
   306 | D        | Received a gift from Okawaru
   308 | D        | Killed a merfolk
   460 | D        | Entered arena 7.
   461 | D        | Found a transporter.
   466 | D        | Reached skill level 10 in Fighting
   466 | D        | Reached skill level 10 in Dodging
   466 | D        | Reached skill level 5 in Stealth
   469 | D        | Reached skill level 10 in Shields
   473 | D        | Got the ring "Tezaditrorgh" {rPois rN+}
   479 | D        | Got the +12 falchion of Kismet {protect, +Inv rElec rN+
                  | MR+}
   500 | D        | Entered arena 8.
   500 | D        | Noticed a merfolk
   500 | D        | Noticed a merfolk
   500 | D        | Noticed a merfolk
   503 | D        | Found a transporter.
   507 | D        | Received a gift from Okawaru
   513 | D        | Killed a merfolk
   513 | D        | Reached XP level 10. HP: 76/76 MP: 15/23
   517 | D        | Reached skill level 10 in Long Blades
   524 | D        | Reached skill level 5 in Invocations
   524 | D        | Reached skill level 5 in Evocations
   535 | D        | Got the Guide on Ghastly Stones
   543 | D        | Learned a level 6 spell: Statue Form
   601 | D        | Entered arena 9.
   601 | D        | Noticed a tentacled starspawn
   601 | D        | Noticed a death knight
   602 | D        | Found a transporter.
   613 | D        | Killed a tentacled starspawn
   619 | D        | Killed a death knight
   638 | D        | Entered arena 10.
   638 | D        | Noticed a sixfirhy
   638 | D        | Noticed a starcursed mass
   638 | D        | Noticed a soul eater
   639 | D        | Found a transporter.
   647 | D        | Paralysed by accursed screaming for 1 turns
   655 | D        | Killed a soul eater
   655 | D        | Reached XP level 11. HP: 64/82 MP: 24/24
   659 | D        | Killed a starcursed mass
   662 | D        | Killed a sixfirhy
   662 | D        | Reached skill level 11 in Shields
   662 | D        | Reached skill level 5 in Transmutations
   662 | D        | Reached skill level 5 in Earth Magic
   664 | D        | Reached ****** piety under Okawaru
   665 | D        | Paralysed by accursed screaming for 1 turns
   672 | D        | Received a gift from Okawaru
   675 | D        | Killed a starcursed mass
   700 | D        | Acquired a +2 hat
   710 | D        | Got the amulet of Creativity {Regen+ Int+2}
   890 | D        | Entered arena 11.
   891 | D        | Found the +0 mask of the Dragon {MR+ Slay+3 SInv}
   891 | D        | Found a transporter.
   942 | D        | Got the ring "Iqewka" {MP+9 Int+4}
   984 | D        | Reached skill level 10 in Spellcasting
   984 | D        | Reached XP level 12. HP: 90/90 MP: 26/26
   993 | D        | Entered arena 12.
   993 | D        | Noticed a great orb of eyes
   993 | D        | Noticed a death ooze
   995 | D        | Found the +3 giant club "Skullcrusher" {speed, Str+7}
   997 | D        | Found a transporter.
  1000 | D        | Killed a death ooze
  1005 | D        | Killed a great orb of eyes
  1057 | D        | Entered arena 13.
  1057 | D        | Noticed a vault guard
  1057 | D        | Noticed a vault guard
  1057 | D        | Noticed a shadow dragon
  1057 | D        | Noticed a vault guard
  1057 | D        | Noticed a vault guard
  1058 | D        | Noticed a vault guard
  1058 | D        | Noticed a vault guard
  1058 | D        | Noticed a lich
  1058 | D        | Noticed a shadow dragon
  1058 | D        | Noticed a vault guard
  1061 | D        | Found a transporter.
  1065 | D        | Killed a vault guard
  1071 | D        | Killed a vault guard
  1074 | D        | Killed a lich
  1074 | D        | Received a gift from Okawaru
  1079 | D        | Killed a shadow dragon
  1079 | D        | Reached skill level 12 in Shields
  1079 | D        | Reached XP level 13. HP: 97/97 MP: 27/27
  1091 | D        | Killed a vault guard
  1092 | D        | Killed a vault guard
  1094 | D        | Killed a vault guard
  1103 | D        | Killed a shadow dragon
  1103 | D        | Reached skill level 10 in Transmutations
  1103 | D        | Reached skill level 10 in Earth Magic
  1107 | D        | Killed a vault guard
  1113 | D        | Killed a vault guard
  1133 | D        | Got the cursed ring of Rieseeff {rC- Str+5 Int-4}
  1169 | D        | Entered arena 14.
  1174 | D        | Found a transporter.
  1187 | D        | Reached skill level 10 in Invocations
  1187 | D        | Reached skill level 10 in Evocations
  1254 | D        | Learned a level 5 spell: Summon Forest
  1254 | D        | Entered arena 15.
  1255 | D        | Noticed a deep elf high priest
  1255 | D        | Noticed a deep elf sorcerer
  1256 | D        | Noticed a deep elf master archer
  1256 | D        | Noticed a deep elf annihilator
  1256 | D        | Noticed a deep elf sorcerer
  1256 | D        | Noticed a deep elf sorcerer
  1260 | D        | Found a transporter.
  1261 | D        | Reached skill level 1 in Summonings
  1261 | D        | Reached skill level 1 in Translocations
  1263 | D        | Killed a deep elf annihilator
  1263 | D        | Received a gift from Okawaru
  1263 | D        | Reached skill level 13 in Shields
  1265 | D        | Killed a deep elf sorcerer
  1265 | D        | Killed a deep elf high priest
  1265 | D        | Killed a deep elf sorcerer
  1266 | D        | Killed a deep elf sorcerer
  1266 | D        | Reached XP level 14. HP: 35/106 MP: 30/30
  1267 | D        | Killed a deep elf master archer
  1326 | D        | Got the amulet "Buugyrghe" {Faith rPois rN+++ Int-3 SInv}
  1481 | D        | Entered arena 16.
  1482 | D        | Noticed a yellow draconian
  1482 | D        | Noticed a purple draconian
  1482 | D        | Noticed a purple draconian
  1482 | D        | Noticed a black draconian
  1482 | D        | Noticed a white draconian
  1482 | D        | Noticed a red draconian
  1482 | D        | Noticed a black draconian
  1482 | D        | Noticed a white draconian
  1482 | D        | Noticed a green draconian
  1482 | D        | Noticed a black draconian
  1482 | D        | Noticed a black draconian
  1483 | D        | Noticed a green draconian
  1484 | D        | Noticed a purple draconian annihilator
  1484 | D        | Noticed a black draconian
  1492 | D        | Killed a black draconian
  1499 | D        | Killed a black draconian
  1504 | D        | Killed a green draconian
  1504 | D        | Received a gift from Okawaru
  1507 | D        | Killed a red draconian
  1508 | D        | Killed a white draconian
  1508 | D        | Reached skill level 14 in Shields
  1509 | D        | Killed a black draconian
  1511 | D        | Killed a black draconian
  1511 | D        | Killed a black draconian
  1511 | D        | Reached skill level 5 in Summonings
  1511 | D        | Reached skill level 5 in Translocations
  1512 | D        | Killed a white draconian
  1516 | D        | Killed a purple draconian
  1517 | D        | Killed a purple draconian
  1519 | D        | Killed a green draconian
  1520 | D        | Killed a yellow draconian
  1521 | D        | Found a transporter.
  1521 | D        | Killed from afar by a purple draconian annihilator

Illustrated notes

Levels and vault maps discovered:
D:        sprint_v [room_start, room_1, room_2, room_3, room_4, room_5, room_6,
          room_7, room_8, room_9, room_10, room_11, room_12, room_13, room_14,
          room_15, room_16, room_17, room_18, room_19, room_20, room_21,
          room_22, room_23, room_24, room_25, room_26, room_27]

Skill      XL: |  1  2  3  4  5  6  7  8  9 10 11 12 13 14 |
---------------+-------------------------------------------+-----
Fighting       | 5 7 8 9 10 11 12 13 | 13.7
Long Blades    | 4 6 8 9 10 11 12 13 | 13.4
Dodging        | 5 7 8 9 10 11 12 13 | 13.6
Shields        | 5 7 8 9 10 11 12 13 14 | 14.6
Spellcasting   | 3 5 6 8 9 10 12 13 | 13.4
Stealth        | 2 5 |  5.0
Invocations    | 1 4 6 7 9 10 | 10.1
Evocations     | 1 4 6 7 9 10 | 10.1
Transmutations | 4 6 9 11 13 | 13.3
Earth Magic    | 4 6 9 11 13 | 13.2
Summonings     | 3 5 |  5.6
Translocations | 3 5 |  5.6

Action                   |  1- 3 |  4- 6 |  7- 9 | 10-12 | 13-15 || total
-------------------------+-------+-------+-------+-------+-------++-------
Melee: Double sword      |       |     4 |    22 |       |    24 ||    50
       Tentacles         |       |     3 |     7 |    66 |    30 ||   106
       Constrict         |       |     1 |     3 |    17 |    15 ||    36
       Falchion          |       |       |     9 |   122 |    40 ||   171
       Punch             |       |       |     2 |     7 |     5 ||    14
 Cast: Statue Form       |       |       |       |       |     5 ||     5
Invok: Heroism           |       |       |     2 |     4 |     3 ||     9
       Finesse           |       |       |     1 |     3 |     4 ||     8
 Abil: Evoke Invisibilit |       |       |       |     1 |       ||     1
Evoke: Wand              |     1 |     1 |       |       |     1 ||     3
       Phantom mirror    |       |       |       |       |     1 ||     1
  Use: Potion            |       |       |       |    12 |     6 ||    18
       Scroll            |       |       |       |     1 |       ||     1
 Stab: Sleeping          |       |       |     1 |       |       ||     1
       Invisible         |       |       |       |    12 |       ||    12
  Eat: Ration            |       |       |       |       |     1 ||     1
Armor: Skin              |       |       |       |     8 |     6 ||    14
Dodge: Dodged            |       |       |    12 |    25 |    56 ||    93
Block: Kite shield       |       |     3 |    49 |   123 |    90 ||   265
       Rpst.: Double sword |       |       |     4 |       |     3 ||     7
       Falchion          |       |       |       |     8 |     2 ||    10
